 Dungeon Crawl Stone Soup version 0.30-a0-591-g3c58d2bc28 (webtiles) character file.

Game seed: 16498843648880639197

956 Leeroy the Conjurer (level 8, -2/66 HPs)
             Began as a Tengu Reaver on Jan 5, 2023.
             Was an Initiate of Vehumet.
             Slain by an ice beast (12 damage)
             ... on level 6 of the Dungeon.
             The game lasted 00:12:28 (6099 turns).

Leeroy the Conjurer (Tengu Reaver)                  Turns: 6099, Time: 00:12:29

Health: -2/66      AC: 24    Str: 12    XL:     8   Next: 14%
Magic:  12/12      EV:  2    Int: 17    God:    Vehumet [......]
Gold:   372        SH:  0    Dex: 12    Spells: 5/11 levels left

rFire   . . .      SeeInvis .    a - +0 falchion
rCold   . . .      Faith    .    (no shield)
rNeg    . . .      Spirit   .    (body armour currently unavailable)
rPois   +          Reflect  .    (helmet currently unavailable)
rElec   .          Harm     .    (cloak currently unavailable)
rCorr   .          Rampage  .    (gloves currently unavailable)
Will    .....      NoTele   +    (boots unavailable)
Stlth   +                        B - amulet of magic regeneration
HPRegen 0.31/turn                (no ring)
MPRegen 0.53/turn                (no ring)

@: tree-form
A: stationary, stasis, torment immunity, boosted hp, (beak), (talons 3), nimble
flight
a: Renounce Religion


You were on level 6 of the Dungeon.
You worshipped Vehumet.
Vehumet was noncommittal.
You were a tree.
You visited 2 branches of the dungeon, and saw 7 of its levels.

You collected 372 gold pieces.

Inventory:

Hand Weapons
 a - a +0 falchion (weapon)
 r - a +0 short sword
 u - a +0 short sword of venom
 C - a +0 dagger of speed
 F - a +0 flail of protection
 H - a +2 dagger of venom
Missiles
 d - 8 poisoned darts (quivered)
 j - 5 silver boomerangs
 p - 4 atropa-tipped darts
Armour
 b - a +0 leather armour (melded)
 i - a +0 pair of gloves (melded)
 y - an orb of energy
 E - a scarf of shadows (melded)
Magical Staves
 h - a staff of earth
Jewellery
 c - an amulet of faith
 t - a ring of fire
 B - an amulet of magic regeneration (around neck)
Wands
 q - a wand of flame (10)
Scrolls
 e - a scroll of enchant armour {unknown}
 g - 3 scrolls of teleportation {unknown}
 l - a scroll of enchant weapon {unknown}
 m - a scroll of fog {unknown}
 n - 6 scrolls of blinking {unknown}
 o - 7 scrolls of identify {unknown}
 s - a scroll of immolation {unknown}
 A - a scroll of fear {unknown}
 D - a scroll of noise {unknown}
 G - a scroll of silence {unknown}
Potions
 f - 2 potions of haste {unknown}
 k - a potion of attraction {unknown}
 v - a potion of flight {unknown}
 w - 2 potions of ambrosia {unknown}
 x - 2 potions of invisibility {unknown}
 z - 2 potions of lignification
 I - a potion of cancellation {unknown}


   Skills:
 + Level 2.1 Fighting
 + Level 6.9 Long Blades
 - Level 6.0 Dodging
 - Level 2.0 Spellcasting
 - Level 7.5 Conjurations


You had 5 spell levels left.
You knew the following spells:

 Your Spells              Type           Power      Damage    Failure   Level
a - Kiss of Death         Conj/Necr      56%        2d9       4%          1
b - Momentum Strike       Conj/Tloc      28%        3d8       6%          2
c - Hailstorm             Conj/Ice       14%        3d5       12%         3

Your spell library contained the following spells:

 Spells                   Type           Power      Damage    Failure   Level
 Shock                    Conj/Air       56%        1d6       4%          1
 Swiftness                Air            1%         N/A       50%         3
 Vhi's Electric Charge    Tloc/Air       2%         N/A       50%         3
 Arcjolt                  Conj/Air       7%         1d17      75%         5
 Airstrike                Air            0%         2d(1-17)  88%         4
 Maxwell's Capacitive Co  Air            0%         ∞         100%        8


Dungeon Overview and Level Annotations

Branches:
Dungeon (6/15)             Temple (1/1) D:5

Altars:
Dithmenos
Fedhas
Hepliaklqana
Nemelex Xobeh
Okawaru
Ru
Sif Muna
Trog
Uskayaw
Vehumet
Wu Jian
Xom
Yredelemnul
Zin


Innate Abilities, Weirdness & Mutations

You are a tree.
Your roots penetrate the ground, keeping you stationary.
You cannot be teleported.
You are immune to unholy pain and torment.
Your maximum health is greatly increased.
Your equipment is partially melded.
((You have a beak for a mouth.))
((You have claws for feet.))
Your magical nature lets you fly swiftly and evasively.


Message History

You peck the ice beast, but do no damage.
The ice beast is moderately wounded.
The ice beast barely misses you.
Okay, then.
Okay, then.
Casting: Momentum Strike (safe; 8% risk of failure)
Confirm with . or Enter, or press ? or * to list all spells.
You don't know that spell.
It was a potion of lignification.
You turn into a tree.
Your scarf of shadows melds into your body.
Your +0 pair of gloves melds into your body.
Your +0 leather armour melds into your body.
The dungeon's light returns to normal.
Your roots penetrate the ground.
The ice beast hits you but does no damage.
You closely miss the ice beast.
The ice beast is moderately wounded.
You are no longer robbed of momentum.
The ice beast hits you.
* * * LOW HITPOINT WARNING * * *
The ice beast freezes you.
* * * LOW HITPOINT WARNING * * *
You closely miss the ice beast. You punch the ice beast.
The ice beast is moderately wounded.
The ice beast hits you but does no damage.
You hit the ice beast but do no damage.
The ice beast is moderately wounded.
The ice beast hits you but does no damage.
You barely miss the ice beast.
You punch the ice beast, but do no damage.
The ice beast is moderately wounded.
The ice beast hits you but does no damage.
You closely miss the ice beast.
The ice beast is moderately wounded.
The ice beast hits you but does no damage.
You barely miss the ice beast.
The ice beast is moderately wounded.
The ice beast hits you.
* * * LOW HITPOINT WARNING * * *
The ice beast freezes you!
You die...

......##......#
.............#
#...........##
#+##............#
................#
..##...##......##
#...##......#
#...<.......########
#..........♣#......#
#...........Y###...#########
##..##+##...## ##......o...#
#..# ##### #####..o...' ....
#......# #.... ###....#
#....# ###....# #......#


You could see an ice beast.

Vanquished Creatures
  2 ogres (D:4)
  A phantom (D:5)
  A scorpion (D:5)
  A necrophage (D:4)
  A howler monkey (D:5)
  A hound (D:4)
  2 jellies (D:5)
  4 orc priests
  4 iguanas
  4 orc wizards
  4 adders
  A shadow imp (D:5)
  A worm (D:2)
  A dart slug (D:4)
  20 orcs
  4 endoplasms
  3 giant cockroaches
  7 goblins
  9 hobgoblins
  10 jackals
  5 ball pythons
  7 bats
  3 frilled lizards (D:2)
  6 kobolds
  6 rats
108 creatures vanquished.

Notes
Turn   | Place    | Note
-------+----------+-------------------------------------------
     0 | D:1      | Leeroy the Tengu Reaver began the quest for the Orb.
     0 | D:1      | Reached XP level 1. HP: 12/12 MP: 4/4
   273 | D:1      | Reached XP level 2. HP: 17/17 MP: 6/6
   911 | D:2      | Found a faded altar of an unknown god.
  1012 | D:2      | Reached XP level 3. HP: 17/21 MP: 7/7
  1342 | D:2      | Reached skill level 5 in Conjurations
  1460 | D:2      | Learned a level 2 spell: Momentum Strike
  1485 | D:2      | Reached XP level 4. HP: 20/26 MP: 8/8
  2504 | D:4      | Reached skill level 5 in Long Blades
  2616 | D:4      | Gained mutation: Your magical nature lets you fly swiftly
                  | and evasively. [Tengu growth]
  2616 | D:4      | Reached XP level 5. HP: 2/28 MP: 6/9
  2911 | D:4      | Noticed an ogre
  3204 | D:3      | Reached XP level 6. HP: 13/35 MP: 10/10
  3594 | D:4      | Reached skill level 6 in Conjurations
  3810 | D:5      | Entered Level 5 of the Dungeon
  4095 | D:5      | Reached XP level 7. HP: 24/40 MP: 8/11
  4227 | D:5      | Reached skill level 7 in Conjurations
  4378 | D:5      | Found a staircase to the Ecumenical Temple.
  4429 | Temple   | Entered the Ecumenical Temple
  4776 | Temple   | Became a worshipper of Vehumet
  5088 | D:4      | Reached skill level 5 in Dodging
  5419 | D:4      | Learned a level 3 spell: Hailstorm
  5643 | D:5      | Found an iron altar of Okawaru.
  5857 | D:5      | Reached XP level 8. HP: 34/44 MP: 12/12
  6099 | D:6      | Slain by an ice beast

Illustrated notes

Levels and vault maps discovered:
D:1:      lightli_arrival_flooded_house, layout_basic
D:2:      layout_loops_corners, hellmonk_ecumenical_altar_leap_of_faith
D:3:      layout_basic, st_stairs_9
D:4:      layout_gridville
D:5:      layout_basic, okawaru_gym_becter, minmay_temple_entry_antechambers
D:6:      layout_gridville, chequers_temple_overflow_minitemple, serial_shops,
          nicolae_shop_hallway_stairs, kennysheep_decorative_pillar
Temple:   compressed_dpeg_triangle_lava_temple

Skill      XL: |  1  2  3  4  5  6  7 |
---------------+----------------------+-----
Long Blades    | 4 5 6 |  6.9
Conjurations   | 5 6 7 |  7.5
Dodging        | 3 6 |  6.0
Fighting       | |  2.1
Spellcasting   | |  2.0

Action                   |  1- 3 |  4- 6 |  7- 9 || total
-------------------------+-------+-------+-------++-------
Melee: Falchion          |    76 |   150 |   142 ||   368
       Kick              |    17 |    39 |    24 ||    80
       Peck              |    10 |    19 |    18 ||    47
       Punch             |       |     1 |     2 ||     3
Throw: Dart              |       |     5 |     3 ||     8
       Boomerang         |       |     2 |       ||     2
 Cast: Kiss of Death     |       |     1 |       ||     1
       Momentum Strike   |       |     6 |     6 ||    12
  Use: Potion            |       |     1 |     3 ||     4
 Stab: Sleeping          |       |     1 |       ||     1
Armor: Leather armour    |    16 |    42 |    29 ||    87
       Skin              |       |       |     5 ||     5
Dodge: Dodged            |    45 |   122 |    98 ||   265

Table legend: (Time is in decaauts)
 A = Elapsed time spent in this place.
 B = Non-inter-level travel time spent in this place.
 C = Inter-level travel time spent in this place.
 D = Time resting spent in this place.
 E = Time spent auto-exploring this place.
 F = Levels seen in this place.
 G = Mean time per level.
                   A        B        C        D        E       F      G
               +--------+--------+--------+--------+--------+-----+--------+
         Total |   5956 |   5590 |    366 |    798 |   3736 |   7 |  850.9 |
       Dungeon |   5627 |   5311 |    316 |    798 |   3467 |   6 |  937.8 |
        Temple |    328 |    278 |     50 |      0 |    268 |   1 |  328.0 |
               +--------+--------+--------+--------+--------+-----+--------+

Top non-repeatable levels by time:
     D:4: 1408 daAuts
     D:3: 1147 daAuts
     D:5: 1122 daAuts
     D:2: 950 daAuts
     D:1: 908 daAuts
  Temple: 328 daAuts
     D:6: 90 daAuts
